General information
	        
			
        
        - name: Skycity
 
        - type: Custom game
 
        - host: piano
 
        - saver: TIMG4STRok
 
        
map: SecretValley 
        - players: 6
 
        - length: 11:18
 
        - speed: Fast
 - version: 1.22 W3XP
 - replay type:  

 
» download(53 KB)
Players
        team 1 (winner) 
              
              
TIMG4STRok (
gray | 233 APM | 2639 actions | 11:18)
              
 2 Blademaster 
 1 Wind Walk
 1 Critical Strike
 2 Shadow Hunter 
 1 Hex
 1 Healing Wave
 
                » actions 
                
                | Assign group hotkey | 21 |  | 
| Basic commands | 20 |  | 
| Build / train | 38 |  | 
| Enter build submenu | 11 |  | 
| Enter hero's abilities submenu | 4 |  | 
| Give item / drop item | 1 |  | 
| Right click | 1391 |  | 
| Select / deselect | 147 |  | 
| Select group hotkey | 943 |  | 
| Use ability | 63 |  | 
                2639 total
 » units 
                
                | Peon | 8 |  | 
| Grunt | 5 |  | 
| Raider | 3 |  | 
| Spirit Walker | 3 |  | 
                19 total
 » upgrades
                
                | Berserker Strength | 1 |  | 
| Ensnare | 1 |  | 
| Spirit Walker Training | 1 |  | 
                3 total
 » buildings
                
                | Altar of Storms | 1 |  | 
| Orc Burrow | 5 |  | 
| Barracks | 1 |  | 
| Stronghold | 2 |  | 
| Voodoo Lounge | 1 |  | 
| Beastiary | 1 |  | 
| Spirit Lodge | 1 |  | 
| War Mill | 1 |  | 
                13 total
 » build order
                00:04 Altar of Storms
00:17 Orc Burrow
00:51 Barracks
01:27 Orc Burrow
02:40 Stronghold
02:40 Stronghold
03:29 Orc Burrow
04:27 Voodoo Lounge
05:08 Beastiary
05:09 Spirit Lodge
05:50 Orc Burrow
09:29 War Mill
09:31 Orc Burrow
» items
                
                | Circlet of Nobility | 1 |  | 
| Boots of Speed | 1 |  | 
| Healing Salve | 3 |  | 
| Lesser Clarity Potion | 2 |  | 
| Scroll of Speed | 1 |  | 
                8 total
  
               team 2 (loser) 
              
              
s.ranked (
red | 91 APM | 1024 actions | 11:17)
              
 1 Tauren Chieftain 
 1 War Stomp
 1 Shadow Hunter 
 1 Hex
 
                » actions 
                
                | Basic commands | 96 |  | 
| Build / train | 31 |  | 
| Enter build submenu | 13 |  | 
| Enter hero's abilities submenu | 2 |  | 
| Remove unit from queue | 1 |  | 
| Right click | 460 |  | 
| Select / deselect | 374 |  | 
| Use ability | 47 |  | 
                1024 total
 » units 
                » upgrades
                
                | Melee Weapons | 1 |  | 
| Berserker Strength | 1 |  | 
| Ensnare | 1 |  | 
| Armor | 1 |  | 
                4 total
 » buildings
                
                | Altar of Storms | 1 |  | 
| Barracks | 1 |  | 
| Orc Burrow | 4 |  | 
| Stronghold | 1 |  | 
| War Mill | 1 |  | 
| Beastiary | 2 |  | 
| Watch Tower | 2 |  | 
| Voodoo Lounge | 1 |  | 
                13 total
 » build order
                00:23 Altar of Storms
00:26 Barracks
00:35 Orc Burrow
01:07 Orc Burrow
03:18 Stronghold
03:38 War Mill
04:53 Orc Burrow
05:41 Beastiary
06:48 Watch Tower
07:32 Beastiary
08:29 Voodoo Lounge
08:45 Orc Burrow
09:40 Watch Tower
» items
                
                | Healing Salve | 1 |  | 
| Lesser Clarity Potion | 1 |  | 
| Potion of Mana | 1 |  | 
                3 total
  
               observerspiano, 
Gobiner, 
BEAR_AND, 
iam_new-b Chat log
          (00:00) BEAR_AND: hf
(00:06 / All) TIMG4STRok: gg
(00:13 / All) TIMG4STRok: good luck dont suck
(00:44 / All) TIMG4STRok: how quickly do you think i win
(00:47 / All) TIMG4STRok: 5 minutes???????
(01:24 / All) TIMG4STRok: ???? 4.5 min???
(04:37 / All) TIMG4STRok: leave?
(11:07 / All) s.ranked: gg
(11:11 / All) TIMG4STRok: leave